Map: [EWC] Goldenaura

Players

Reynor - Winner!

  • Race: Zerg Zerg
  • Spawn Location: 12:00

Solar

  • Race: Zerg Zerg
  • Spawn Location: 5:00

Event: Esports World Cup 2024

VOD

Have the link to the VOD?

Description

Time

  • Played on: Aug. 16, 2024, 5:26 a.m.
  • Length: 7:02

All games in this series

Show
View Real Time Build Order
Export as new Build Order

Reynor Zerg - Winner!

Build Orders: Hatch First 

Get SALT Encoding   

  12  0:00  Drone  
  13  0:12  Overlord  
  13  0:16  Drone  
  14  0:30  Drone x2  
  16  0:47  Hatchery  
  15  0:51  Drone  
  15  0:55  Drone  
  17  0:58  Drone  
  18  1:09  Extractor  
  17  1:14  Spawning Pool  
  17  1:16  Drone  
  17  1:19  Drone  
  18  1:27  Drone  
  19  1:38  Drone  
  20  1:48  Drone  
  21  1:59  Overlord  
  21  2:00  Zergling x2, Queen x2  
  26  2:09  Metabolic Boost  
  26  2:10  Drone  
  26  2:11  Drone  
  28  2:21  Zergling x2  
  28  2:22  Drone  
  30  2:32  Drone x2  
  32  2:38  Hatchery  
  32  2:43  Drone x2  
  33  2:49  Baneling Nest  
  32  2:54  Overlord  
  32  2:56  Drone  
  33  3:04  Drone x2  
  34  3:09  Drone  
  35  3:15  Drone x4  
  35  3:18  Overlord  
  35  3:19  Drone  
  40  3:23  Zergling x2  
  41  3:29  Evolution Chamber  
  41  3:31  Drone  
  41  3:33  Drone  
  42  3:36  Queen  
  42  3:40  Overlord  
  45  3:41  Zergling x4  
  45  3:45  Drone  
  45  3:46  Drone  
  48  3:50  Roach Warren  
  48  3:52  Baneling  
  47  3:56  Drone x2  
  47  3:57  Extractor  
  47  3:58  Zerg Missile Weapons Level 1  
  48  4:03  Drone x3  
  48  4:07  Overlord  
  48  4:08  Drone x2  
  53  4:15  Lair  
  53  4:16  Drone x2  
  55  4:19  Drone x2  
  55  4:22  Drone x2  
  55  4:24  Drone  
  60  4:29  Drone  
  61  4:31  Overlord  
  61  4:34  Drone  
  61  4:39  Drone  
  61  4:41  Drone  
  61  4:43  Extractor  
  61  4:45  Drone x3, Overlord  
  63  4:46  Drone x2  
  63  4:49  Drone x4  
  71  4:53  Drone  
  71  4:56  Drone  
  71  4:57  Pneumatized Carapace  
  71  4:58  Extractor  
  72  5:03  Roach x2  
  72  5:04  Drone  
  77  5:09  Extractor  
  77  5:10  Roach  
  77  5:11  Extractor  
  77  5:12  Overlord  
  77  5:16  Overseer  
  77  5:17  Hatchery, Roach x3  
  77  5:18  Drone x2  
  83  5:22  Overlord  
  83  5:23  Roach  
  85  5:28  Overlord  
  85  5:29  Drone x2  
  85  5:32  Roach x2  
  91  5:38  Overlord  
  91  5:40  Roach x2  
  95  5:45  Spine Crawler  
  95  5:46  Spine Crawler, Roach  
  95  5:50  Spine Crawler, Roach  
  95  5:51  Roach  
  95  5:53  Roach x4  
  95  5:54  Spine Crawler, Baneling x2  
  95  5:55  Baneling  
  106  5:57  Roach  
  106  5:58  Roach  
  106  6:01  Ravager  
  106  6:03  Roach x2  
  115  6:07  Overlord  
  115  6:08  Roach x2  
  117  6:13  Roach x2  
  109  6:19  Roach x3  
  109  6:20  Roach  
  109  6:22  Roach  
  109  6:24  Roach  
  113  6:30  Roach x2  
  117  6:39  Roach x3  
Show
View Real Time Build Order
Export as new Build Order

Solar Zerg 

Build Orders: Hatch First 

Get SALT Encoding   

  12  0:00  Drone  
  13  0:11  Overlord  
  13  0:16  Drone  
  14  0:30  Drone x2  
  16  0:47  Hatchery  
  15  0:51  Drone  
  15  0:54  Drone  
  17  0:58  Drone  
  18  1:08  Extractor  
  17  1:13  Spawning Pool  
  17  1:16  Drone  
  17  1:20  Drone  
  18  1:27  Drone  
  19  1:38  Drone  
  20  1:49  Drone  
  21  1:59  Queen  
  21  2:00  Queen  
  21  2:01  Zergling x2  
  26  2:02  Overlord  
  26  2:08  Metabolic Boost  
  26  2:11  Drone x2  
  28  2:22  Drone, Zergling x2  
  30  2:34  Hatchery  
  30  2:36  Drone  
  30  2:39  Drone  
  31  2:46  Queen  
  32  2:54  Drone  
  32  2:56  Baneling Nest  
  32  2:58  Overlord  
  32  3:01  Drone  
  33  3:06  Drone x2  
  35  3:17  Drone x4  
  35  3:18  Zergling x2  
  40  3:21  Evolution Chamber  
  40  3:22  Zergling x2  
  40  3:26  Drone  
  41  3:29  Overlord  
  41  3:31  Zergling x2  
  42  3:35  Drone  
  43  3:46  Drone x3  
  43  3:47  Zerg Missile Weapons Level 1  
  43  3:48  Drone  
  47  3:50  Drone x2  
  47  3:54  Overlord  
  49  3:58  Drone x2  
  49  4:00  Drone  
  52  4:05  Extractor  
  52  4:06  Drone, Roach Warren  
  52  4:07  Drone  
  52  4:09  Drone  
  53  4:12  Overlord  
  53  4:13  Drone  
  54  4:19  Overlord  
  54  4:22  Drone  
  54  4:23  Drone  
  54  4:24  Drone x2  
  57  4:25  Drone, Extractor  
  57  4:30  Drone  
  59  4:33  Extractor  
  59  4:35  Overlord  
  57  4:47  Roach  
  57  4:48  Roach x7  
  57  4:50  Overlord  
  73  4:53  Overlord  
  73  4:55  Roach  
  73  4:57  Roach  
  77  5:00  Roach  
  77  5:02  Roach  
  77  5:04  Overlord  
  81  5:13  Overlord  
  81  5:14  Roach x3  
  87  5:19  Roach x3  
  93  5:22  Roach x2  
  93  5:25  Zergling x2, Roach  
  93  5:27  Zergling x2  
  101  5:29  Zergling x4  
  101  5:32  Zergling x2  
  104  5:37  Zergling x6  
  104  5:40  Zergling x4  
  104  5:41  Overlord  
  104  5:42  Ravager x2  
  110  5:49  Zergling x4, Roach  
  112  5:51  Ravager  
  112  5:52  Zergling x8  
  112  5:54  Zergling x4  
  112  5:56  Zergling x2  
  120  5:58  Ravager  
  120  6:01  Overlord  
  121  6:07  Ravager  
  121  6:09  Zergling x10, Ravager  
  125  6:15  Zergling x4  
  123  6:23  Zergling x8  
  104  6:35  Zergling x8  
  104  6:38  Zergling x6  
Tags
 
Add a new tag
Caveats
  • Supply blocks, unpowered buildings, or Contaminate may cause inaccurate times.
  • Supply counts are checked every 10 seconds.